 Dungeon Crawl Stone Soup version 0.29.1-2-gbd0b4ee654 (webtiles) character file.

Game seed: 8439511410604939246

26 RascalDebosk the Shooter (level 2, -1/16 HPs)
             Began as a Deep Elf Hunter on Oct 29, 2022.
             Succumbed to an adder's poison
             ... on level 2 of the Dungeon.
             The game lasted 00:05:39 (1120 turns).

RascalDebosk the Shooter (Deep Elf Hunter)          Turns: 1120, Time: 00:05:39

Health: -1/16      AC:  3    Str:  8    XL:     2   Next: 89%
Magic:  4/4        EV: 12    Int: 13    God:
Gold:   59         SH:  0    Dex: 18    Spells: 1/1 levels left

rFire   . . .      SeeInvis .   b - +0 shortbow
rCold   . . .      Faith    .   (shield currently unavailable)
rNeg    . . .      Spirit   .   c - +0 leather armour
rPois   .          Reflect  .   (no helmet)
rElec   .          Harm     .   (no cloak)
rCorr   .          Rampage  .   (no gloves)
Will    .....                   (no boots)
Stlth   ++........              (no amulet)
HPRegen 0.05/turn               (no ring)
MPRegen 0.09/turn               (no ring)

@: lethally poisoned (-1 -> -9)
A: no striking features
a: no special abilities


You were on level 2 of the Dungeon.
You visited 1 branch of the dungeon, and saw 2 of its levels.

You collected 59 gold pieces.

Inventory:

Hand Weapons
 b - a +0 shortbow (weapon)
 s - a +0 dagger of speed
Armour
 c - a +0 leather armour (worn)
Scrolls
 a - a scroll of immolation
 d - a scroll of poison {unknown}
 e - a scroll of identify {unknown}
 f - a scroll of noise {unknown}
 g - a scroll of magic mapping {unknown}
 j - a scroll of vulnerability {unknown}
Potions
 h - a potion of flight {unknown}
 i - a potion of curing {unknown}
 k - a potion of haste {unknown}


   Skills:
 - Level 1.5 Fighting
 * Level 6.2 Ranged Weapons
 - Level 2.4 Dodging
 + Level 2.3 Stealth


You had one spell level left.
You didn't know any spells.
Your spell library contained the following spells:

 Spells                   Type           Power      Damage    Failure   Level
 Necrotise                Necr           0%         1d4       41%         1
 Vampiric Draining        Necr           0%         2d6       80%         3
 Agony                    Necr           0%         N/A       100%        5


Dungeon Overview and Level Annotations

Branches:
Dungeon (2/15)

Altars:


Message History

Press: ? - help, Q - select action Shift-Dir - straight line, f - goblin
Aim: a goblin, wielding a +0 club (asleep, 98% to hit)
You shoot an arrow. The arrow hits the goblin.
You kill the goblin!
Fire: b) +0 shortbow
Press: ? - help, Q - select action Shift-Dir - straight line, f - bat
Aim: a bat (51% to hit)
You shoot an arrow. The arrow hits the bat!
You kill the bat!
A quokka comes into view.
Fire: b) +0 shortbow
Press: ? - help, Q - select action Shift-Dir - straight line, f - quokka
Aim: a quokka (54% to hit)
You shoot an arrow. The arrow closely misses the quokka.
Fire: b) +0 shortbow
Press: ? - help, Q - select action Shift-Dir - straight line, f/p - quokka
Aim: a quokka (54% to hit)
You shoot an arrow.
The arrow hits the quokka but does no damage.
Fire: b) +0 shortbow
Press: ? - help, Q - select action Shift-Dir - straight line, f/p - quokka
Aim: a quokka (54% to hit)
You shoot an arrow. The arrow barely misses the quokka.
The quokka misses you.
Fire: b) +0 shortbow
Press: ? - help, Q - select action Shift-Dir - straight line, f/p - quokka
Aim: a quokka (54% to hit)
You shoot an arrow. The arrow barely misses the quokka.
The quokka barely misses you. The quokka bites you.
Fire: b) +0 shortbow
Press: ? - help, Q - select action Shift-Dir - straight line, f/p - quokka
Aim: a quokka (54% to hit)
You shoot an arrow. The arrow hits the quokka!
You kill the quokka!
HP restored.
You see here a quokka corpse.
A bat comes into view.
Found 8 gold pieces.
Fire: b) +0 shortbow
Press: ? - help, Q - select action Shift-Dir - straight line, f - bat
Aim: a bat (asleep, 98% to hit)
You shoot an arrow. The arrow hits the bat!
You kill the bat!
You now have 59 gold pieces (gained 8).
An adder comes into view.
The adder hisses angrily.
The adder moves out of view.
An adder is nearby!
Fire: b) +0 shortbow
Press: ? - help, Q - select action Shift-Dir - straight line, f - adder
Aim: an adder (48% to hit)
You shoot an arrow. The arrow misses the adder.
You hear a shout! x2
Fire: b) +0 shortbow
Press: ? - help, Q - select action Shift-Dir - straight line, f/p - adder
Aim: an adder (48% to hit)
You shoot an arrow.
The arrow hits the adder but does no damage.
A kobold comes into view. It is wielding a +0 short sword.
Fire: b) +0 shortbow
Press: ? - help, Q - select action Shift-Dir - straight line, f/p - adder
Aim: an adder (48% to hit)
You shoot an arrow. The arrow hits the adder.
The adder is lightly wounded.
The adder bites you. x2
You are poisoned.
The adder poisons you!
Fire: b) +0 shortbow
Press: ? - help, Q - select action Shift-Dir - straight line, f/p - adder
Aim: an adder (lightly wounded, 48% to hit)
You shoot an arrow. The arrow misses the adder.
The arrow hits the kobold.
The kobold is heavily wounded.
You feel sick. The adder bites you.
* * * LOW HITPOINT WARNING * * *
The adder bites you.
* * * LOW HITPOINT WARNING * * *
Fire: b) +0 shortbow
Press: ? - help, Q - select action Shift-Dir - straight line, f/p - adder
Aim: an adder (lightly wounded, 48% to hit)
You shoot an arrow. The arrow barely misses the adder.
You feel sick. The adder barely misses you.
The kobold hits you with a +0 short sword.
* * * LOW HITPOINT WARNING * * *
Fire: b) +0 shortbow
Press: ? - help, Q - select action Shift-Dir - straight line, f/p - adder
Aim: an adder (lightly wounded, 48% to hit)
You shoot an arrow.
The arrow hits the adder but does no damage.
The adder is lightly wounded.
* * * LOW HITPOINT WARNING * * *
You feel sick. The adder bites you but does no damage.
The kobold closely misses you. The adder bites you.
* * * LOW HITPOINT WARNING * * *
You are more poisoned.
The adder poisons you!
Fire: b) +0 shortbow
Press: ? - help, Q - select action Shift-Dir - straight line, f/p - adder
Aim: an adder (lightly wounded, 48% to hit)
You shoot an arrow. The arrow misses the adder.
You die...

#####.###.#
#.......# ..
.# #....##.#
### #....+..#
#....##.#####
#...........#
#...........#
#...........#
#...........#
#...@.......#
#..KS#####...#
#....# ...#
#....# ..#
###... .# #...
#... #....


You could see an adder and a kobold.

Vanquished Creatures
  3 endoplasms (D:1)
  2 giant cockroaches (D:1)
  4 goblins
  3 hobgoblins (D:1)
  2 kobolds (D:1)
  2 quokkas
  2 bats (D:2)
  2 frilled lizards (D:1)
  A rat (D:1)
21 creatures vanquished.

Notes
Turn   | Place    | Note
-------+----------+-------------------------------------------
     0 | D:1      | RascalDebosk the Deep Elf Hunter began the quest for the
                  | Orb.
     0 | D:1      | Reached XP level 1. HP: 12/12 MP: 3/3
   273 | D:1      | Reached XP level 2. HP: 16/16 MP: 4/4
   906 | D:1      | Reached skill level 6 in Ranged Weapons
  1120 | D:2      | Succumbed to an adder's poison

Illustrated notes

Levels and vault maps discovered:
D:1:      dpeg_arrival_rooms_a, layout_loops_ring, st_stairs_1
D:2:      layout_basic, uniq_sigmund

Skill      XL: |  1  2 |
---------------+-------+-----
Stealth        | 2 |  2.3
Ranged Weapons | 6 |  6.2
Fighting       | |  1.5
Dodging        | |  2.4

Action                   || total
-------------------------++-------
 Fire: Shortbow          ||    62
Armor: Leather armour    ||     9
Dodge: Dodged            ||    28
